 Dungeon Crawl Stone Soup version 0.30-a0-49-g1cef19eb02 (webtiles) character file.

Game seed: 9009578028936091915

440 porpoise the Trooper (level 6, -2/51 HPs)
             Began as a Demonspawn Gladiator on Sept 2, 2022.
             Slain by a kobold brigand
             ... wielding a +0 whip
              (6 damage)
             ... on level 5 of the Dungeon on Sept 3, 2022.
             The game lasted 00:12:11 (5197 turns).

porpoise the Trooper (Demonspawn Gladiator)         Turns: 5197, Time: 00:12:12

Health: -2/51      AC:  6    Str: 16    XL:     6   Next: 70%
Magic:  6/6        EV: 11    Int: 10    God:
Gold:   237        SH:  0    Dex: 14    Spells: 5/5 levels left

rFire   + . .      SeeInvis .    a - +0 trident
rCold   . . .      Faith    .    (no shield)
rNeg    . . .      Spirit   .    h - +0 ring mail
rPois   .          Reflect  .    c - +0 helmet
rElec   .          Harm     .    (no cloak)
rCorr   .          Rampage  .    (no gloves)
Will    .....                    (no boots)
Stlth   +.........               (no amulet)
HPRegen 0.17/turn                u - ring of protection from fire
MPRegen 0.10/turn                (no ring)

@: no status effects
A: powered by pain 2, weakness stinger 1
a: no special abilities


You were on level 5 of the Dungeon.
You visited 1 branch of the dungeon, and saw 5 of its levels.

You collected 237 gold pieces.

Inventory:

Hand Weapons
 a - a +0 trident (weapon)
 b - a +0 sling
Missiles
 d - 3 throwing nets (quivered)
 e - a javelin
 r - a boomerang
Armour
 c - a +0 helmet (worn)
 h - a +0 ring mail (worn)
Jewellery
 o - an amulet of guardian spirit
 s - a ring of wizardry
 u - a ring of protection from fire (left hand)
Scrolls
 f - a scroll of fog
 l - a scroll of poison
 n - a scroll of noise
 p - 2 scrolls of teleportation
 t - a scroll of vulnerability
 x - a scroll of magic mapping {unknown}
 y - a scroll of blinking {unknown}
Potions
 g - a potion of flight
 i - 4 potions of heal wounds
 j - 4 potions of curing
 k - a potion of brilliance {unknown}
 m - a potion of lignification {unknown}
 q - a potion of haste {unknown}
 v - 2 potions of berserk rage
 w - a potion of degeneration {unknown}


   Skills:
 + Level 5.3 Fighting
 + Level 5.2 Polearms
 - Level 1.7 Throwing
 - Level 2.6 Dodging


You had 5 spell levels left.
You didn't know any spells.
Your spell library contained the following spells:

 Spells                   Type           Power      Damage    Failure   Level
 Apportation              Tloc           0%         N/A       58%         1
 Ozocubu's Armour         Ice            0%         N/A       91%         3
 Stone Arrow              Conj/Erth      0%         3d7       91%         3
 Tukima's Dance           Hex            0%         N/A       91%         3
 Animate Armour           Summ/Erth      0%         N/A       100%        4
 Passage of Golubria      Tloc           0%         N/A       100%        4
 Alistair's Intoxication  Tmut/Pois      0%         N/A       100%        5
 Yara's Violent Unravell  Hex/Tmut       0%         3d3       100%        5
 Ozocubu's Refrigeration  Ice            0%         4d7       100%        7
 Lehudib's Crystal Spear  Conj/Erth      0%         10d2      100%        8


Dungeon Overview and Level Annotations

Branches:
Dungeon (5/15)
 Temple: D:4-7

Altars:
Cheibriados
Gozag
Lugonu

Portals:
Abyss: D:4


Innate Abilities, Weirdness & Mutations

You sometimes gain power by taking damage.
You have a small tail.


Message History

The kobold brigand is heavily wounded.
The kobold misses you. The kobold barely misses you.
The kobold brigand barely misses you.
You hit the kobold brigand.
The kobold brigand is severely wounded.
The kobold hits you but does no damage.
The kobold brigand hits you with a +0 whip.
The kobold hits you but does no damage.
You hit the kobold brigand but do no damage.
The kobold brigand is severely wounded.
The kobold hits you with a +0 whip. The kobold barely misses you.
The kobold brigand hits you with a +0 whip.
You hit the kobold brigand. You tail-slap the kobold brigand.
The kobold brigand is severely wounded.
The kobold misses you. The kobold hits you but does no damage.
The kobold brigand hits you with a +0 whip.
You miss the kobold brigand.
Your tail-slap misses the kobold brigand.
The kobold brigand is severely wounded.
The kobold closely misses you.
The kobold hits you with a +0 short sword.
The kobold brigand hits you but does no damage.
You hit the kobold brigand.
Your tail-slap misses the kobold brigand.
The kobold brigand is almost dead.
An iguana comes into view.
The kobold hits you with a +0 short sword.
The kobold hits you with a +0 whip.
* * * LOW HITPOINT WARNING * * *
The kobold brigand hits you with a +0 whip.
* * * LOW HITPOINT WARNING * * *
The iguana hisses angrily.
You puncture the kobold!
You kill the kobold!
The kobold misses you.
The kobold brigand hits you with a +0 whip.
* * * LOW HITPOINT WARNING * * *
You miss the kobold. The kobold barely misses you.
The kobold brigand hits you with a +0 whip.
You die...

..# ##..#..# # ##
#####......###
#.##..#.##.........##
..l...#...>...#.....
......#.......#.... .#
....=...........#.### ..
..........#.....#.#.###.
#.....K@).#.......#.)#..
#......#K...#...[).#....
###....#...##...#####...
#......###...######รท<.
...##...# ##.###.......
.... #...# #.. #.......
... ..(..# ............
.. ......# ##.......#...
......# ........#...


You could see a kobold brigand, an iguana and a kobold.

Vanquished Creatures
  A gnoll sergeant (D:4)
  2 hounds
  A jelly (D:3)
  An orc priest (D:3)
  Jessica (D:3)
  3 iguanas
  Robin (D:3)
  5 adders
  2 gnolls
  An ufetubus (D:4)
  A dart slug (D:3)
  9 orcs
  6 endoplasms
  2 giant cockroaches (D:2)
  12 goblins
  6 hobgoblins
  4 quokkas
  5 ball pythons
  7 bats
  4 frilled lizards
  7 kobolds
  2 rats
  A lurking horror (D:4)
84 creatures vanquished.

Vanquished Creatures (others)
  A ball python (D:4)
  A kobold (D:4)
  A lurking horror (D:4)
3 creatures vanquished.

Grand Total: 87 creatures vanquished

Notes
Turn   | Place    | Note
-------+----------+-------------------------------------------
     0 | D:1      | porpoise the Demonspawn Gladiator began the quest for the
                  | Orb.
     0 | D:1      | Reached XP level 1. HP: 16/16 MP: 1/1
   555 | D:1      | Gained mutation: You sometimes gain a little power by
                  | taking damage. [demonic ancestry]
   555 | D:1      | Reached XP level 2. HP: 23/23 MP: 2/2
  1577 | D:2      | Gained mutation: You have a small tail. [demonic ancestry]
  1577 | D:2      | Reached XP level 3. HP: 27/29 MP: 3/3
  1832 | D:2      | Found a faded altar of an unknown god.
  2114 | D:3      | Upgraded the game from 0.30-a0-46-g5a63ccc183 to
                  | 0.30-a0-49-g1cef19eb02
  2298 | D:3      | Noticed Robin
  2311 | D:3      | Gained mutation: You sometimes gain power by taking damage.
                  | [demonic ancestry]
  2311 | D:3      | Reached XP level 4. HP: 35/35 MP: 4/4
  2326 | D:3      | Killed Robin
  2952 | D:3      | Noticed Jessica
  2961 | D:3      | Killed Jessica
  2962 | D:3      | Reached XP level 5. HP: 34/42 MP: 5/5
  3397 | D:4      | Reached XP level 6. HP: 11/49 MP: 6/6
  4177 | D:4      | Found a one-way gate to the infinite horrors of the Abyss.
  4177 | D:4      | Found a corrupted altar of Lugonu.
  4495 | D:4      | Found a snail-covered altar of Cheibriados.
  4497 | D:4      | Found an opulent altar of Gozag.
  4556 | D:5      | Entered Level 5 of the Dungeon
  4679 | D:5      | Reached skill level 5 in Fighting
  4679 | D:5      | Reached skill level 5 in Polearms
  5197 | D:5      | Slain by a kobold brigand

Illustrated notes

Levels and vault maps discovered:
D:1:      grunt_arrival_lava_bath, layout_basic
D:2:      layout_loops_cross, hellmonk_ecumenical_altar_arch_garden
D:3:      layout_loops_ring, uniq_robin, uniq_jessica
D:4:      layout_rooms, jmf_multi_god_temple, amcnicky_altar_lugonu_corruption
D:5:      layout_cave_pools, old_standard_altar, roderic_batcave

Skill      XL: |  1  2  3  4  5  6 |
---------------+-------------------+-----
Polearms       | 3 4 5 |  5.2
Fighting       | 3 4 5 |  5.3
Throwing       | |  1.7
Dodging        | |  2.6

Action                   |  1- 3 |  4- 6 || total
-------------------------+-------+-------++-------
Melee: Trident           |   107 |   182 ||   289
       Tailslap          |     3 |    21 ||    24
       Punch             |       |     2 ||     2
Throw: Boomerang         |       |     8 ||     8
       Throwing net      |       |     3 ||     3
       Javelin           |       |     1 ||     1
  Use: Scroll            |       |     9 ||     9
 Stab: Sleeping          |     1 |       ||     1
Armor: Leather armour    |    40 |    13 ||    53
       Ring mail         |       |    56 ||    56
Dodge: Dodged            |    55 |   125 ||   180

Table legend: (Time is in decaauts)
 A = Elapsed time spent in this place.
 B = Non-inter-level travel time spent in this place.
 C = Inter-level travel time spent in this place.
 D = Time resting spent in this place.
 E = Time spent auto-exploring this place.
 F = Levels seen in this place.
 G = Mean time per level.
                   A        B        C        D        E       F      G
               +--------+--------+--------+--------+--------+-----+--------+
         Total |   5232 |   5066 |    166 |   1548 |   2776 |   5 | 1046.4 |
       Dungeon |   5232 |   5066 |    166 |   1548 |   2776 |   5 | 1046.4 |
               +--------+--------+--------+--------+--------+-----+--------+

Top non-repeatable levels by time:
     D:4: 1489 daAuts
     D:3: 1445 daAuts
     D:1: 1422 daAuts
     D:2: 704 daAuts
     D:5: 171 daAuts
